AoeStats
← Jérôme

Northern Isles

510747225Analyzed
1v1 RM · 12h ago on Oct 2, 2026· 41m 58s· 2 players
Game mode
Random Map
Map size
Tiny (2 player)
Population
200
Speed
Normal
Resources
Standard
Victory
Conquest
Starting age
Dark Age
Ending age
Imperial Age
RankedLock teamsTeams togetherTeam positionsShared explorationLock speedFull tech treeHidden civsTurbo modeCheats
Victory
Defeat
🇮🇹 Chinese · Italy
898
+17
🇫🇷 Berbers · France
913
-48
JackDaniels
0:52 Loom
10:36 Feudal Age
13:29 Double-Bit Axe
13:35 Fishing Lines
16:37 Horse Collar
17:34 Wheelbarrow
16:53 Gold Mining
20:13 Castle Age
19:11 Fletching
20:38 Scale Mail Armor
20:59 Scale Mail Armor
21:25 Bow Saw
21:22 Gillnets
21:46 Medium Warships
22:22 Forging
22:08 Bodkin Arrow
23:05 Stone Mining
26:29 Stone Shaft Mining
26:13 Hand Cart
27:14 Iron Casting
28:13 Guard Tower
28:45 Ballistics
29:39 Town Watch
30:41 Gold Shaft Mining
30:36 Chain Mail Armor
31:03 Siphons
34:32 Imperial Age
32:15 Clinker Construction
32:16 Careening
32:16 Masonry
36:31 Chemistry
35:44 Masonry
35:55 Shipwright
36:11 Plate Mail Armor
36:41 Blast Furnace
35:47 Squires
35:09 Elite Fire Lancer
36:43 Conscription
37:03 Town Patrol
38:08 Two-Man Saw
37:36 Heavy Warships
38:19 Squires
37:39 Elite Fire Lancer
40:21 Rocketry
40:05 Great Wall
39:26 Elite Chu Ko Nu
40:11 Bracer
40:13 Heavy Plow
40:01 Arson
Jérôme
13:03 Feudal Age
16:01 Wheelbarrow
15:12 Town Watch
15:53 Fishing Lines
18:57 Horse Collar
19:06 Double-Bit Axe
25:00 Loom
26:39 Gold Mining
26:40 Stone Mining
32:06 Castle Age
32:16 Scale Barding Armor
32:22 Forging
34:34 Husbandry
35:12 Hand Cart
34:58 Town Patrol
35:05 Heavy Plow
35:44 Gold Shaft Mining
35:45 Stone Shaft Mining
35:24 Bow Saw
36:38 Gillnets
37:58 Pikeman
38:39 Squires
38:02 Pikeman
38:14 Elite Skirmisher
38:24 Pikeman
39:05 Squires
41:48 Squires
Connection lost

Rejoining the realm…

Still unreachable

The connection could not be restored.

Session expired

The server has moved on; the page needs a fresh start.